 Dungeon Crawl Stone Soup version 0.26.1-10-gdfb7c7de75 (webtiles) character file.

Game seed: 6330129148650430894

51 nightchill the Skirmisher (level 3, 0/24 HPs)
             Began as a Gargoyle Fighter on Apr 6, 2021.
             Killed by nerve-wracking pain
             ... invoked by Menkaure
              (7 damage)
             ... on level 2 of the Dungeon.
             The game lasted 00:01:17 (986 turns).

nightchill the Skirmisher (Gargoyle Fighter)         Turns: 986, Time: 00:01:18

Health: 0/24       AC: 10    Str: 19    XL:     3   Next: 81%
Magic:  3/3        EV:  7    Int:  9    God:
Gold:   31         SH:  9    Dex:  9    Spells: 2/2 levels left

rFire    . . .     SeeInvis .   a - +0 flail
rCold    . . .     Faith    .   c - +0 kite shield
rNeg     + . .     Spirit   .   b - +0 scale mail
rPois    ∞         Reflect  .   (no helmet)
rElec    +         Harm     .   (no cloak)
rCorr    .         Rampage  .   (no gloves)
Will     .....                  (no boots)
Stlth    ..........             (no amulet)
HPRegen  0.08/turn              (no ring)
MPRegen  0.08/turn              (no ring)

@: mighty
A: negative energy resistance 1, electricity resistance, unbreathing,
petrification resistance, miasma immunity, AC +3
a: no special abilities


You were on level 2 of the Dungeon.
You visited 1 branch of the dungeon, and saw 2 of its levels.

You collected 31 gold pieces.

Inventory:

Hand Weapons
 a - a +0 flail (weapon)
Armour
 b - a +0 scale mail (worn)
 c - a +0 kite shield (worn)
Jewellery
 l - an uncursed ring of protection from cold {unknown}
Scrolls
 e - a scroll of enchant armour {unknown}
 k - a scroll of noise {unknown}
 m - a scroll of random uselessness {unknown}
 n - a scroll of identify {unknown}
Potions
 f - 2 potions of lignification {unknown}
 g - a potion of cancellation {unknown}
 h - 2 potions of brilliance {unknown}
 i - a potion of attraction {unknown}
 j - a potion of flight {unknown}
 o - a potion of heal wounds {unknown}


   Skills:
 + Level 3.9 Fighting
 * Level 3.5 Maces & Flails
 - Level 3.2 Armour
 - Level 3.2 Shields


You had 2 spell levels left.
You didn't know any spells.
Your spell library was empty.

Dungeon Overview and Level Annotations

Branches:
Dungeon (2/15)

Altars:
Kikubaaqudgha
Xom
Yredelemnul
Zin

Annotations:
D:2 1 transporter, Menkaure


Innate Abilities, Weirdness & Mutations

You are resistant to torment.
Your stone body is resilient. (AC +3)
You are immune to poison.
You resist negative energy. (rN+)
You are resistant to electric shocks. (rElec)
You can survive without breathing.
You are immune to petrification.
You are immune to miasma.


Message History

You hit the mummy.
The mummy is moderately damaged.
You closely miss the mummy.
The mummy is moderately damaged.
The mummy hits you!
Ouch! That really hurt!
* * * LOW HITPOINT WARNING * * *
You thump the mummy!
The mummy is heavily damaged.
The mummy hits you but does no damage.
Your shield and scale mail prevent you from hitting the mummy.
The mummy is heavily damaged.
You sock the mummy!
You destroy the mummy!
The quokka skeleton bites you but does no damage.
You sock the quokka skeleton!
You destroy the quokka skeleton!
Menkaure gestures at you while chanting.
Pain shoots through your body!
You die...

..#....#.#....... #.
#.#...#.#....... ?#.
#....†..#..###.###.$#.
#.......#..#8#.#8#._#.
#.......#..........[#.
#......©#..M..©....⌠#©
###.....#..........$#?
###.#.#..#8#M#8#._#.
#.#.#..###@### $#.
#.#.#..........)#.
#.#.#©..........#.
#.#.#############.
#.#.............!.
#.#########.##.#.# ##
#.# #.##.# . .# #.#
#.##.######.# #.#
####.#.......#.#


You could see Menkaure (fast).

Vanquished Creatures
  A mummy (D:2)
  An adder (D:2)
  A dart slug (D:1)
  A bat skeleton (D:2)
  2 giant cockroaches
  3 goblins
  9 hobgoblins
  A bat (D:1)
  A frilled lizard (D:1)
  4 kobolds
  A quokka skeleton (D:2)
25 creatures vanquished.

Notes
Turn   | Place    | Note
-------+----------+-------------------------------------------
     0 | D:1      | nightchill the Gargoyle Fighter began the quest for the
                  | Orb.
     0 | D:1      | Reached XP level 1. HP: 14/14 MP: 1/1
   182 | D:1      | Reached XP level 2. HP: 17/19 MP: 2/2
   833 | D:2      | Found a glowing silver altar of Zin.
   833 | D:2      | Found a shimmering altar of Xom.
   833 | D:2      | Noticed an angel
   885 | D:2      | Reached XP level 3. HP: 20/24 MP: 3/3
   959 | D:2      | Found a transporter.
   962 | D:2      | Found a transporter.
   974 | D:2      | Noticed Menkaure
   974 | D:2      | Found a basalt altar of Yredelemnul.
   974 | D:2      | Found an ancient bone altar of Kikubaaqudgha.
   986 | D:2      | Killed from afar by Menkaure

Illustrated notes

Levels and vault maps discovered:
D:1:      amcnicky_arrival_single_pillar, layout_loops_cross
D:2:      layout_loops_ring, grunt_temple_overflow_order_and_chaos_1,
          gammafunk_temple_of_torment, uniq_natasha

Skill      XL: |  1  2 |
---------------+-------+-----
Maces & Flails | 3 |  3.5
Fighting       | |  3.9
Armour         | |  3.2
Shields        | |  3.2

Action                   || total
-------------------------++-------
Melee: Flail             ||    88
  Use: Potion            ||     1
Armor: Scale mail        ||    47
Dodge: Dodged            ||    19
Block: Kite shield       ||    40
